[Event "Rapid del Mercoledì"]
[Site "Chess.com"]
[Date "2020.04.29"]
[Round "4"]
[White "Luca090267"]
[Black "fausto2p"]
[Result "1-0"]
[WhiteElo "1376"]
[BlackElo "1040"]
[TimeControl "720+3"]
[EndTime "13:19:19 PDT"]
[Termination "Luca090267 ha vinto per tempo"]

1. e4 e6 2. d4 d5 3. Nc3 Bb4 4. e5 c5 5. a3 Bxc3+ 6. bxc3 Nc6 7. f4 Qa5 8. Qd3 a6 9. Bd2 c4 10. Qe3 Nge7 11. Nf3 Nf5 12. Qf2 Qb5 13. Be2 Qb2 14. O-O Qxc2 15. g4 Nh6 16. h3 Qg6 17. Nh4 Qc2 18. Qe3 O-O 19. Rfc1 Qa4 20. Bd1 Qa5 21. Rcb1 Qd8 22. Nf3 b5 23. Bc2 f5 24. exf6 Rxf6 25. g5 Nf5 26. Qf2 Rf7 27. h4 Nce7 28. Ne5 Rf8 29.
Kg2 Ng6 30. Nxg6 hxg6 31. Rh1 Kf7 32. h5 1-0

[Event "Rapid del Mercoledì"]
[Site "Chess.com"]
[Date "2020.04.29"]
[Round "5"]
[White "Delsoldato03"]
[Black "Carbon"]
[Result "0-1"]
[WhiteElo "1226"]
[BlackElo "1743"]
[TimeControl "720+3"]
[EndTime "13:22:55 PDT"]
[Termination "Carbon ha vinto per abbandono"]

1. e4 c5 2. Nf3 Nc6 3. d4 cxd4 4. Nxd4 g6 5. Be3 Bg7 6. Nc3 Nf6 7. Bc4 O-O 8. O-O d6 9. Qd2 Ng4 10. Nxc6 bxc6 11.
Bh6 Bxh6 0-1

[Event "Rapid del Mercoledì"]
[Site "Chess.com"]
[Date "2020.04.29"]
[Round "5"]
[White "laremaro"]
[Black "crippo"]
[Result "1-0"]
[WhiteElo "1739"]
[BlackElo "1494"]
[TimeControl "720+3"]
[EndTime "13:27:16 PDT"]
[Termination "laremaro ha vinto per scaccomatto"]

1. e4 e5 2. Nf3 Nc6 3. Bb5 d6 4. O-O Bg4 5. d3 Be7 6. Nbd2 Nf6 7. Re1 O-O 8. c3 h6 9. Nf1 Nh7 10. Ng3 Bg5 11. h3 Bxf3 12. Qxf3 Bxc1 13. Raxc1 Ng5 14. Qg4 Ne7 15. h4 Nh7 16. d4 Nf6 17. Qf3 exd4 18. cxd4 Ng6 19. Nf5 c6 20. Bd3 Re8 21. h5 Ne7 22.
Nxh6+ Kf8 23. e5 dxe5 24. dxe5 Nfg8 25. Qxf7# 1-0

[Event "Rapid del Mercoledì"]
[Site "Chess.com"]
[Date "2020.04.29"]
[Round "5"]
[White "OMatteoWuO"]
[Black "sirmale49"]
[Result "0-1"]
[WhiteElo "1139"]
[BlackElo "1390"]
[TimeControl "720+3"]
[EndTime "13:34:34 PDT"]
[Termination "sirmale49 ha vinto per abbandono"]

1. d4 d5 2. c4 e5 3. dxe5 d4 4. Nf3 Nc6 5. Nbd2 Nge7 6. Nb3 Nf5 7. g3 Be6 8. Bg2 Bxc4 9. Qc2 Bb4+ 10. Bd2 Bxd2+ 11. Nbxd2 Bd5 12. Qxf5 Nb4 13. a3 Be6 14. Qe4 Bd5 15. Qxd4 Nc2+ 16. Kf1 Nxd4 17. Nxd4 Bxg2+ 18. Kxg2 Qxd4 19. Nf3 Qxb2 20. Rab1 Qxa3 21. Rxb7 O-O 22.
Rxc7 Rac8 23. Rb7 Rfd8 24. Rhb1 Qc5 25. R7b5 Qc2 26. R5b2 Qf5 27. Ra1 Ra8 28. Rb7 a5 29. Rc1 a4 30. Rcc7 a3 31. e6 Qxe6 32. Ng5 Qd5+ 33.
Nf3 a2 0-1

[Event "Rapid del Mercoledì"]
[Site "Chess.com"]
[Date "2020.04.29"]
[Round "5"]
[White "SanSecondoPR"]
[Black "ottovolante"]
[Result "1/2-1/2"]
[WhiteElo "1259"]
[BlackElo "1017"]
[TimeControl "720+3"]
[EndTime "13:34:51 PDT"]
[Termination "Patta per materiale insufficiente"]

1. e4 d6 2. d4 e5 3. dxe5 dxe5 4. Qxd8+ Kxd8 5. f4 Bb4+ 6. c3 Bd6 7. fxe5 Bxe5 8.
Nf3 Nc6 9. Bc4 Ke8 10. O-O Bg4 11. Nxe5 Nxe5 12. Bf4 Nxc4 13. Bxc7 Be6 14. b3 Nb6 15. c4 Rc8 16. Be5 f6 17. Bb2 Nd7 18. Nc3 a6 19.
Rae1 Nc5 20. e5 Nd3 21. Re2 Nxb2 22. Rxb2 f5 23. Ne2 Ne7 24. Nf4 Kf7 25. g4 g6 26.
gxf5 gxf5 27. Rd2 Rhg8+ 28. Kh1 b5 29. Rd6 Rc6 30. cxb5 Rxd6 31. exd6 Ng6 32. Nd3 axb5 33. Rc1 Rd8 34. Rc7+ Rd7 35. Nc5 Rxc7 36. dxc7 Bc8 37. a4 bxa4 38. bxa4 Ke7 39. a5 Kd6 40. Na6 Kc6 41.
Nb4+ Kb5 42. Nd5 Kxa5 43. h4 Nxh4 44. Ne7 Bd7 45. c8=Q Bxc8 46. Nxc8 h5 47. Nd6 f4 48. Kh2 Nf3+ 49. Kg2 Nh4+ 50. Kf2 Kb6 51. Ne4 Kc6 52. Ng5 Kd5 53. Nh3 Ke5 54. Kg1 Kf5 55. Nf2 Nf3+ 56.
Kg2 Ne5 57. Kf1 h4 58. Kg2 Ng4 59. Nh3 Ne3+ 60. Kf3 Nd5 61. Ng1 Kg5 62. Nh3+ Kh5 63. Nxf4+ Nxf4 64. Kxf4 h3 65. Kg3 h2 66. Kxh2 1/2-1/2

[Event "Rapid del Mercoledì"]
[Site "Chess.com"]
[Date "2020.04.29"]
[Round "5"]
[White "Mrtre7"]
[Black "pedrak"]
[Result "1-0"]
[WhiteElo "1415"]
[BlackElo "1617"]
[TimeControl "720+3"]
[EndTime "13:37:29 PDT"]
[Termination "Mrtre7 ha vinto per scaccomatto"]

1. d4 Nf6 2. c4 d6 3. Nc3 g6 4. e4 Bg7 5. Nf3 O-O 6. Be2 Nbd7 7. O-O e5 8. Be3 h6 9. d5 a5 10. Rb1 b6 11. b4 axb4 12. Rxb4 Nc5 13. Bxc5 bxc5 14.
Rb2 Nh5 15. Qb1 Nf4 16. Bd1 f5 17. Ba4 Nh5 18. Bc6 Ra7 19. Bb7 Bxb7 20. Rxb7 Rxb7 21. Qxb7 fxe4 22. Nxe4 Rf4 23. Nfd2 Bf6 24. Rb1 Qd7 25. a4 Be7 26. a5 Rf8 27. a6 Qa4 28. a7 Nf6 29.
Qxc7 Nxe4 30. Nxe4 Qc2 31. Re1 Qxc4 32. Qxe7 Qxd5 33. Nf6+ Rxf6 34. Qxf6 Kh7 35. Qf8 Qd2 36. Qf7+ Kh8 37. a8=Q# 1-0

[Event "Rapid del Mercoledì"]
[Site "Chess.com"]
[Date "2020.04.29"]
[Round "5"]
[White "riccardocanossa"]
[Black "Luca090267"]
[Result "1/2-1/2"]
[WhiteElo "1313"]
[BlackElo "1370"]
[TimeControl "720+3"]
[EndTime "13:43:01 PDT"]
[Termination "Patta per materiale insufficiente"]

1. d4 Nf6 2. c4 g6 3. Nc3 Bg7 4.
Nf3 O-O 5. Bg5 d6 6. e4 c5 7. d5 Na6 8. Be2 Nc7 9. O-O e6 10.
Rc1 exd5 11. cxd5 Bg4 12. h3 Bxf3 13. Bxf3 h6 14. Bh4 g5 15. Bg3 Re8 16. Re1 a6 17. e5 dxe5 18. Bxe5 Rc8 19. d6 Na8 20. Bxf6 Rxe1+ 21. Qxe1 Bxf6 22. Bxb7 Rb8 23. Bxa6 Qxd6 24. Ne4 Qxa6 25.
Nxc5 Qd6 26. Ne4 Qe5 27. Nxf6+ Qxf6 28. b3 Nb6 29. Qe4 Qe6 30. Qf3 Re8 31. Rc6 Qe1+ 32.
Kh2 Qe5+ 33. g3 Nd7 34. Rxh6 Qg7 35. Rd6 Ne5 36. Qf5 Rf8 37. a4 f6 38. a5 Qg6 39. Qxg6+ Nxg6 40. a6 Rf7 41. Rb6 Ne5 42.
Rb7 Rxb7 43. axb7 Nc6 44. b4 Kf7 45. Kg2 Ke7 46. Kf3 Kd7 47. Kg4 Kc7 48. Kf5 Nxb4 49. Kxf6 Nd3 50. f4 gxf4 51. gxf4 Nxf4 52. h4 Kxb7 53.
Kg5 Ne6+ 54. Kh6 Kc7 55. h5 Kd7 56. Kg6 Nf4+ 57. Kh6 Nxh5 1/2-1/2

[Event "Rapid del Mercoledì"]
[Site "Chess.com"]
[Date "2020.04.29"]
[Round "5"]
[White "fausto2p"]
[Black "moha1812med"]
[Result "0-1"]
[WhiteElo "1006"]
[BlackElo "1024"]
[TimeControl "720+3"]
[EndTime "13:44:09 PDT"]
[Termination "moha1812med ha vinto per abbandono"]

1. d4 Nf6 2. c4 g6 3. Nc3 Bg7 4. e4 d6 5. f3 Nbd7 6. Be3 O-O 7. Nge2 e5 8. d5 Nc5 9. g4 Bd7 10. b3 Ne8 11. Ng3 Bc8 12. Qd2 a5 13. Bh6 Bxh6 14. Qxh6 Bd7 15. h4 Qf6 16. Be2 Qf4 17. Qxf4 exf4 18.
Nf1 Nf6 19. O-O-O Rae8 20. Bd3 Nxd3+ 21. Rxd3 h6 22. Ne2 g5 23. hxg5 hxg5 24. Nc3 Re7 25. Rd2 Ree8 26. Rdh2 Kg7 27. Rh5 Nxh5 28. Rxh5 Rh8 29. Rxg5+ Kf6 30. Rh5 Rxh5 31. gxh5 Rh8 32. Kb2 Rxh5 33. Ka3 Rh3 34. Nd2 Rh2 35. Ncb1 c6 36.
Ka4 cxd5+ 37. Kxa5 dxe4 38. fxe4 Bc6 39. Kb6 Rh3 40.
b4 f3 41. Nxf3 Rxf3 42. Kc7 Bxe4 43. Kxd6 Bxb1 44. a4 Kg6 45. c5 Rd3+ 46. Kc7 Rb3 47.
b5 Be4 48. b6 f5 49. a5 f4 50.
a6 bxa6 51. c6 Bxc6 52. Kxc6 Rxb6+ 53. Kxb6 f3 0-1